 Dungeon Crawl Stone Soup version 0.19-a0-1170-g18f0c96 (webtiles) character file.

17635 George the Fighter (level 12, 0/108 HPs)
             Began as a Ghoul Monk on Aug 17, 2016.
             Was a High Priest of Makhleb.
             Slain by a seven-headed hydra (4 damage)
             ... on level 12 of the Dungeon.
             The game lasted 00:48:38 (11754 turns).

George the Fighter (Ghoul Monk)                    Turns: 11754, Time: 00:48:38

Health: 0/108      AC: 11    Str: 17    XL:     12   Next: 50%
Magic:  16/16      EV: 22    Int:  5    God:    Makhleb [*****.]
Gold:   681        SH:  0    Dex: 14    Spells: 2 memorised, 6 levels left

rFire  . . .     SeeInvis .       - Unarmed
rCold  + . .     Gourm    .     T - +1 ring mail of Syndicalism {Stlth+}
rNeg   + + +     Faith    .     (no shield)
rPois  ∞         Spirit   .     A - +0 helmet
rElec  .         Dismiss  .     H - +0 cloak
rCorr  .         Reflect  .     (no gloves)
MR     .....     Harm     .     c - +2 pair of boots
Stlth  +++.......               (no amulet)
                                M - +3 ring of evasion
                                f - +3 ring of evasion

@: rotting
A: rotting body, claws 1, carnivore 3, cold resistance 1, negative energy
resistance 3, slow regeneration 1, torment resistance, unbreathing
a: Minor Destruction, Lesser Servant of Makhleb, Major Destruction, Greater
Servant of Makhleb, Renounce Religion


You were on level 12 of the Dungeon.
You worshipped Makhleb.
Makhleb was extremely pleased with you.
You were not hungry.

You visited 2 branches of the dungeon, and saw 13 of its levels.
You also visited: Bailey.

You collected 798 gold pieces.
You spent 117 gold pieces at shops.

Inventory:

Missiles
 s - 6 javelins of penetration
 E - a throwing net (quivered)
Armour
 c - a +2 pair of boots (worn)
 p - a +0 robe of magic resistance
 A - a +0 helmet (worn)
 H - a +0 cloak (worn)
 T - the +1 ring mail of Syndicalism (worn) {Stlth+}
   (You found it on level 6 of the Dungeon)

   It makes you more stealthy.
Jewellery
 f - a +3 ring of evasion (left claw)
 M - a +3 ring of evasion (right claw)
 R - an uncursed ring of protection from cold
Wands
 e - a wand of paralysis (12/24)
 g - a wand of paralysis (7/24)
 z - a wand of disintegration (11/24)
 K - a wand of iceblast (9/15)
 L - a wand of paralysis (10/24)
 Q - a wand of confusion (12/48)
 S - a wand of digging (7/24)
 X - a wand of lightning (5/15)
 Y - a wand of disintegration (17/24)
Scrolls
 j - 2 scrolls of enchant armour
 o - 8 scrolls of teleportation
 u - 2 scrolls of blinking
 x - a scroll of recharging
 D - 2 scrolls of remove curse
 F - a scroll of identify
 I - a scroll of brand weapon
 O - a scroll of silence
 P - a scroll of fog {unknown}
 U - a scroll of random uselessness {unknown}
 V - 2 scrolls of noise {unknown}
 W - 3 scrolls of enchant weapon {unknown}
 Z - 2 scrolls of amnesia {unknown}
Potions
 h - 2 potions of flight
 i - 4 potions of agility
 k - a potion of brilliance
 m - 3 potions of heal wounds
 n - 4 potions of berserk rage
 r - 2 potions of experience {unknown}
 t - 4 potions of might
 w - 2 potions of invisibility {unknown}
 B - a potion of resistance {unknown}
 C - a potion of magic {unknown}
 G - a potion of curing
 N - a potion of mutation {unknown}
Books
 q - Emusaeg's Collected Works on Evil
   (You found it in a bailey)

   Spells                             Type                      Level
   a - Animate Skeleton               Necromancy                   1
   b - Pain                           Necromancy                   1
   c - Corpse Rot                     Necromancy                   2
   d - Regeneration                   Charms/Necromancy            3
   e - Agony                          Necromancy                   5
   f - Dispel Undead                  Necromancy                   5
Comestibles
 b - 9 meat rations
 l - 2 slices of pizza
 v - a beef jerky
 J - 2 royal jellies


   Skills:
 + Level 10.9 Fighting
 + Level 9.3 Dodging
 - Level 5.0 Stealth
 + Level 10.9 Unarmed Combat
 + Level 0.6 Charms
 + Level 0.4 Necromancy
 - Level 7.7 Translocations
 + Level 7.5 Invocations


You had 6 spell levels left.
You knew the following spells:

 Your Spells              Type           Power        Failure   Level  Hunger
a - Blink                 Tloc           N/A          10%         2    ###....
b - Regeneration          Chrm/Necr      #.........   99%         3    ####...


Dungeon Overview and Level Annotations

Branches:
Dungeon (12/15)            Temple (1/1) D:5            Lair (0/6) D:10
    Orc (0/2) D:9

Altars:
Ashenzari
Cheibriados
Dithmenos
Elyvilon
Fedhas
Gozag
Hepliaklqana
Kikubaaqudgha
Makhleb
Nemelex Xobeh
Okawaru
Pakellas
Qazlal
Ru
Sif Muna
Trog
Uskayaw
Vehumet
Xom
Yredelemnul
Zin
The Shining One

Shops:
D:7 *   D:12 [


Innate Abilities, Weirdness & Mutations

Your body is rotting away.
You thrive on raw meat.
You are immune to poison.
You have sharp fingernails.
You are carnivorous and can eat meat at any time.
Your flesh is cold resistant. (rC+)
You are immune to negative energy. (rN+++)
You regenerate slowly when monsters are visible.
You are immune to unholy pain and torment.
You can survive without breathing.


Message History

Aim: a seven-headed hydra (almost dead, misshapen and mutated)
The seven-headed hydra writhes in agony!
You hear the faint crackling of a melting archway nearby.
The seven-headed hydra bites you.
* * * LOW HITPOINT WARNING * * *
The seven-headed hydra barely misses you.
The seven-headed hydra bites you but does no damage.
The seven-headed hydra misses you. The seven-headed hydra bites you!
* * * LOW HITPOINT WARNING * * *
The seven-headed hydra barely misses you.
The seven-headed hydra bites you but does no damage.
A demon appears!
The seven-headed hydra closely misses you.
The seven-headed hydra bites you!
* * * LOW HITPOINT WARNING * * *
The seven-headed hydra closely misses you.
The seven-headed hydra bites you.
* * * LOW HITPOINT WARNING * * *
The seven-headed hydra misses you. The seven-headed hydra bites you.
You die...

*,,,,,,,+,,** #...#
*,,,,,,,**** #.###
****,,+*** #.# *,,,,,*
##.# ****,,,,,** #..#
,,,,,,∩,,,* ##'#######
,,,,,,,,,,* **#4.......#
,,,,,,,,,,***,+.D......#
,,,,,,,,,,**,,#.@......#
,,,,,,,,,,*,,*#...$....#
,,,,,,,,,,*,**######'###
,,,,,,,,,,+,* #.##
,,,,,,,,,,*** #..##
******+**** ##..# **,,*
##.# *,,** ########'####
****+*******
#...........#


You could see a seven-headed hydra and a friendly orange demon.

Vanquished Creatures
  An orc warlord (Bailey)
  Snorg (D:10)
  Urug (D:10)
  Nergalle (D:10)
  An unseen horror (D:11)
  A hill giant (D:10)
  A manticore (D:11)
  An ugly thing (D:11)
  The ghost of ximxim the Spear-Bearer, a novice DsGl of Hepliaklqana (D:8)
  Joseph (D:10)
  4 komodo dragons (D:10)
  Grinder (D:3)
  The ghost of poirepourri the Magician, an amateur DECj (D:5)
  A wyvern (D:11)
  Grum (D:9)
  7 yaks
  A hungry ghost (D:8)
  4 hippogriffs
  A mottled dragon (D:10)
  A water moccasin (D:9)
  2 ice beasts
  4 phantoms
  2 black bears
  3 sky beasts
  16 orc warriors
  7 ogres
  4 wolves (D:9)
  2 crocodiles (D:10)
  10 centaurs
  2 elf zombies (D:10)
  A big kobold (D:8)
  8 giant frogs
  A scorpion (D:5)
  A water moccasin skeleton (D:8)
  7 wights
  7 howler monkeys
  A giant frog zombie (D:9)
  4 human zombies (D:10)
  7 crimson imps
  2 quasits
  3 jellies
  8 hounds
  A centaur zombie (D:10)
  A giant frog skeleton (D:5)
  11 orc priests
  10 orc wizards
  A centaur skeleton (D:11)
  Ijyb (D:2)
  6 iguanas
  7 worker ants
  An ogre zombie (D:10)
  2 ogre skeletons (D:10)
  3 hound skeletons
  A mummy (D:10)
  A worker ant zombie (D:5)
  Robin (D:4)
  A howler monkey skeleton (D:6)
  14 gnolls
  16 adders
  5 shadow imps
  2 oozes
  An adder skeleton (D:5)
  A worm (D:2)
  2 dart slugs
  5 giant geckos
  70 orcs
  A ball python (D:8)
  10 bats
  6 giant cockroaches
  44 goblins
  17 hobgoblins
  13 jackals
  7 kobolds
  4 quokkas
  8 giant newts
  A jackal zombie (D:6)
  A quokka skeleton (D:6)
  A quokka zombie (D:8)
  7 rats
418 creatures vanquished.

Vanquished Creatures (collateral kills)
  Harold (D:10)
  A hydra (D:11)
  5 orc warriors (Bailey)
  A phantom (D:10)
  2 orcs (Bailey)
  3 hobgoblins (Bailey)
  2 goblins (Bailey)
15 creatures vanquished.

Grand Total: 433 creatures vanquished

Notes
Turn   | Place    | Note
-------+----------+-------------------------------------------
     0 | D:1      | George the Ghoul Monk began the quest for the Orb.
     0 | D:1      | Reached XP level 1. HP: 19/19 MP: 0/0
    49 | D:1      | Reached XP level 2. HP: 26/26 MP: 1/1
   191 | D:1      | Found a sparkling altar of Nemelex Xobeh.
   486 | D:1      | Reached XP level 3. HP: 24/31 MP: 2/2
   829 | D:2      | Reached XP level 4. HP: 39/40 MP: 3/3
   855 | D:2      | Found a faded altar of an unknown god.
  1329 | D:2      | Noticed Ijyb
  1351 | D:2      | Paralysed by Ijyb for 7 turns
  1365 | D:2      | Killed Ijyb
  1365 | D:2      | Reached XP level 5. HP: 24/46 MP: 4/4
  1620 | D:3      | Found a blossoming altar of Fedhas.
  1731 | D:3      | Noticed Grinder
  1760 | D:3      | Paralysed by Grinder for 5 turns
  1770 | D:3      | Killed Grinder
  1770 | D:3      | Reached XP level 6. HP: 8/53 MP: 5/5
  2539 | D:4      | Reached skill level 5 in Unarmed Combat
  2584 | D:4      | Reached skill level 5 in Fighting
  2608 | D:4      | Noticed Robin
  2663 | D:4      | Killed Robin
  2663 | D:4      | Reached XP level 7. HP: 24/60 MP: 6/6
  2944 | D:4      | Reached skill level 5 in Stealth
  3149 | D:4      | Learned a level 2 spell: Blink
  3237 | D:4      | Reached skill level 1 in Translocations
  3386 | D:5      | Entered Level 5 of the Dungeon
  3428 | D:5      | Noticed poirepourri's ghost (amateur DECj)
  3526 | D:5      | Noticed a hippogriff
  3616 | D:5      | Reached XP level 8. HP: 54/70 MP: 7/7
  3679 | D:5      | Killed poirepourri's ghost
  3679 | D:5      | Reached skill level 5 in Dodging
  3796 | D:5      | You fall through a shaft for 2 floors!
  3828 | D:7      | Found Adoothruo's Assorted Antiques.
  3961 | D:7      | HP: 1/70 [orc warrior/battleaxe (18)]
  4008 | D:7      | Bought a ring of evasion for 48 gold pieces
  4014 | D:7      | Bought a murky cyan potion for 21 gold pieces
  4014 | D:7      | Bought a scroll labeled CEXOONESUSM for 24 gold pieces
  4014 | D:7      | Bought a scroll labeled HOWKIA AZESI for 24 gold pieces
  4235 | D:7      | Reached XP level 9. HP: 63/78 MP: 8/8
  4826 | D:6      | Found an iron altar of Okawaru.
  4882 | D:6      | Found a glowing silver altar of Zin.
  5265 | D:6      | Got a smoking ring mail
  5281 | D:6      | Identified the +1 ring mail of Syndicalism {Stlth+} (You found it on level 6 of the Dungeon)
  5451 | D:6      | Found an opulent altar of Gozag.
  5967 | D:5      | Found a staircase to the Ecumenical Temple.
  6086 | Temple   | Entered the Ecumenical Temple
  6151 | Temple   | Became a worshipper of Makhleb the Destroyer
  6151 | Temple   | Reached * piety under Makhleb
  6151 | Temple   | Reached ** piety under Makhleb
  6586 | D:5      | Reached XP level 10. HP: 88/88 MP: 9/9
  6792 | D:8      | Reached skill level 5 in Translocations
  6876 | D:8      | Reached skill level 1 in Invocations
  6920 | D:8      | Noticed ximxim's ghost (novice DsGl)
  6994 | D:8      | Killed ximxim's ghost
  7488 | D:9      | Noticed Grum
  7517 | D:9      | Killed Grum
  7686 | D:9      | Found a flagged portal.
  7701 | D:9      | Reached *** piety under Makhleb
  7712 | Bailey   | Entered a bailey
  8066 | Bailey   | Noticed an orc warlord
  8137 | Bailey   | Reached **** piety under Makhleb
  8183 | Bailey   | Reached XP level 11. HP: 36/97 MP: 13/13
  8262 | Bailey   | Killed an orc warlord
  8398 | Bailey   | Identified Emusaeg's Collected Works on Evil
  8722 | D:9      | Reached skill level 5 in Invocations
  8801 | D:9      | Found a staircase to the Orcish Mines.
  9398 | D:10     | Entered Level 10 of the Dungeon
  9398 | D:10     | Noticed Snorg
  9409 | D:10     | Killed Snorg
  9456 | D:10     | Noticed Joseph
  9476 | D:10     | Killed Joseph
  9484 | D:10     | Reached skill level 10 in Fighting
  9649 | D:10     | Reached skill level 10 in Unarmed Combat
  9705 | D:10     | Found a staircase to the Lair.
  9946 | D:10     | Noticed Nergalle
  9957 | D:10     | Killed Nergalle
  9974 | D:10     | Noticed a hill giant
  9990 | D:10     | Killed a hill giant
 10045 | D:10     | Noticed Harold
 10066 | D:10     | Killed Harold
 10066 | D:10     | Reached XP level 12. HP: 43/107 MP: 14/16
 10177 | D:10     | Noticed Urug
 10186 | D:10     | Killed Urug
 10339 | D:10     | Found an ancient bone altar of Kikubaaqudgha.
 10447 | D:10     | Found Eryi's Weapon Shop.
 10642 | D:10     | Reached ***** piety under Makhleb
 11223 | D:11     | Learned a level 3 spell: Regeneration
 11308 | D:11     | Noticed a five-headed hydra
 11318 | D:11     | Killed a five-headed hydra
 11731 | D:12     | Noticed a seven-headed hydra
 11732 | D:12     | Found Darestam's Armour Shoppe.
 11754 | D:12     | HP: 4/108 [seven-headed hydra (5)]
 11754 | D:12     | Slain by a seven-headed hydra

Vault maps used:
D:1:      dpeg_arrival_pond, nemelex_xobeh_ov_fountains_minmay
D:2:      kennysheep_goblin_castle, ecumenical_altar_2
D:3:      wad_lake_hut, nicolae_overflow_crystal_walls, uniq_grinder
D:4:      minmay_opposing_rooms, first_bread, grunt_decor_mini_mirrors,
          uniq_robin
D:5:      kennysheep_another_room, grunt_ministairs_8
D:6:      overflow_temple_1_default, lemuel_doored_altar, kennysheep_little_box
D:7:      serial_shops, shop
D:8:      blue_anna_alchemist
D:9:      david_orc_2, enter_bailey_3, uniq_grum
D:10:     erik_lair_dragon, serial_shops, shop, special_room,
          nicolae_twisting_strands, lemuel_mausoleum_altar_kikubaaqudgha,
          uniq_urug, uniq_nergalle, uniq_harold, uniq_joseph, uniq_snorg
D:12:     portal_ice_cave_entry_ice_beasts, serial_shops, shop
Temple:   hc_temple_tempest_star
Bailey:   bailey_axe_minmay_hex_keep, bailey

Skill      XL: |  1  2  3  4  5  6  7  8  9 10 11 12 |
---------------+-------------------------------------+-----
Dodging        | 3 4 5 7 8 9 |  9.3
Stealth        | 3 4 5 |  5.0
Unarmed Combat | 4 5 7 8 9 10 | 10.9
Fighting       | 4 5 6 8 9 10 | 10.9
Translocations | 1 3 4 6 7 |  7.7
Invocations    | 4 6 7 |  7.5
Charms         | |  0.6
Necromancy     | |  0.4

Action                   |  1- 3 |  4- 6 |  7- 9 | 10-12 || total
-------------------------+-------+-------+-------+-------++-------
Melee: Unarmed           |   106 |   209 |   493 |  1057 ||  1865
       Punch             |     3 |     2 |    15 |    46 ||    66
 Cast: Blink             |       |       |     1 |     1 ||     2
Invok: Lesser Servant of |       |       |       |    15 ||    15
       Minor Destruction |       |       |       |    38 ||    38
Evoke: Wand              |       |     2 |     1 |     3 ||     6
  Use: Scroll            |       |     7 |    10 |     3 ||    20
       Potion            |       |     1 |     1 |     1 ||     3
 Stab: Sleeping          |     4 |    11 |     8 |    19 ||    42
       Paralysed         |       |     3 |       |       ||     3
       Distracted        |       |       |       |     3 ||     3
  Eat: Chunk             |     7 |     9 |    73 |    99 ||   188
Armor: Robe              |    35 |    71 |    87 |       ||   193
       Ring mail         |       |       |    38 |   223 ||   261
Dodge: Dodged            |    83 |   177 |   430 |   857 ||  1547
